 Dungeon Crawl Stone Soup version 0.20.1-1-g8b1a95d (webtiles) character file.

10920 LarsimusPrime the Basher (level 11, -8/95 HPs)
             Began as a Minotaur Fighter on Oct 20, 2017.
             Was a High Priest of Okawaru.
             Mangled by an orc warrior
             ... wielding a +0 halberd
              (14 damage)
             ... on level 2 of the Orcish Mines.
             The game lasted 00:50:59 (12967 turns).

LarsimusPrime the Basher (Minotaur Fighter)        Turns: 12967, Time: 00:50:59

Health: -8/95      AC: 17    Str: 21    XL:     11   Next: 42%
Magic:  10/10      EV:  8    Int:  6    God:    Okawaru [*****.]
Gold:   1114       SH:  3    Dex: 12    Spells: 10/10 levels left

rFire    . . .     SeeInvis .   E - +0 dire flail
rCold    . . .     Gourm    .   (shield currently unavailable)
rNeg     + . .     Faith    .   F - +0 plate armour
rPois    .         Spirit   .   (helmet restricted)
rElec    .         Reflect  +   x - +0 cloak
rCorr    +         Harm     .   C - +0 pair of gloves
MR       .....                  (no boots)
Stlth    ..........             m - +3 amulet of reflection
Regen    0.3/turn               H - ring of positive energy
MPRegen  0.2/turn               J - ring of resist corrosion

@: drained
A: retaliatory headbutt, horns 2
a: Heroism, Finesse, Renounce Religion


You were on level 2 of the Orcish Mines.
You worshipped Okawaru.
Okawaru was extremely pleased with you.
You were not hungry.

You visited 2 branches of the dungeon, and saw 11 of its levels.

You collected 1114 gold pieces.

Inventory:

Hand Weapons
 g - the +9 longbow of the Badger {flame, rF+ Dex+6}
   (Okawaru gifted it to you on level 8 of the Dungeon)

   It causes projectiles fired from it to burn those they strike, causing extra
   injury to most foes and up to half again as much damage against particularly
   susceptible opponents.
   It affects your dexterity (+6).
   It protects you from fire.
 z - a +3 flail
 E - a +0 dire flail (weapon)
 L - a +1 morningstar
Missiles
 a - 5 steel tomahawks
 n - 77 arrows
 S - 4 tomahawks (quivered)
Armour
 c - a +1 shield
 x - a +0 cloak (worn)
 C - a +0 pair of gloves (worn)
 F - a +0 plate armour (worn)
Jewellery
 m - a +3 amulet of reflection (around neck)
 t - an uncursed ring of loudness
 D - an uncursed amulet of guardian spirit
 H - a ring of positive energy (left hand)
 J - a ring of resist corrosion (right hand)
 M - an uncursed ring of ice
 P - an uncursed ring of teleportation
 R - an uncursed ring of wizardry
 X - a -3 ring of intelligence
Wands
 k - a wand of acid (7/15)
 u - a wand of flame (20/48)
 B - a wand of flame (25/48)
 I - a wand of iceblast (6/15)
 K - a wand of iceblast (10/15)
 O - a wand of digging (4/24)
 T - a wand of lightning (9/15)
 W - a wand of random effects (18/48)
Scrolls
 f - a scroll of blinking {unknown}
 j - 4 scrolls of identify
 o - 2 scrolls of remove curse
 r - 3 scrolls of recharging
 v - 2 scrolls of immolation
 G - 2 scrolls of enchant weapon
 N - a scroll of teleportation
Potions
 d - 3 potions of might
 e - a potion of lignification
 i - a potion of agility
 s - 7 potions of curing
 w - a potion of haste
Books
 Y - a book of Conjurations

   Spells                             Type                      Level
   a - Magic Dart                     Conjuration                  1
   b - Searing Ray                    Conjuration                  2
   c - Dazzling Spray                 Conjuration/Hexes            3
   d - Fulminant Prism                Conjuration/Hexes            4
   e - Force Lance                    Conjuration/Translocation    4
   f - Iskenderun's Mystic Blast      Conjuration                  4
Comestibles
 h - 10 royal jellies
 l - 8 fruits
 q - 4 meat rations
 A - a bread ration


   Skills:
 + Level 8.5(8.1) Fighting
 + Level 12.2(11.8) Maces & Flails
 * Level 5.5(5.2) Bows
 + Level 0.6(0.3) Throwing
 + Level 10.6(10.2) Armour
 + Level 3.1(2.8) Dodging
 - Level 10.9(10.5) Shields
 + Level 1.1(0.7) Invocations


You had 10 spell levels left.
You didn't know any spells.

Dungeon Overview and Level Annotations

Branches:
Dungeon (9/15)             Temple (0/1) D:7             Orc (2/2) D:9
    Elf (0/3) Orc:2
   Lair: D:8-11

Altars:
Cheibriados
Dithmenos
Elyvilon
Fedhas
Gozag
Hepliaklqana
Kikubaaqudgha
Makhleb
Okawaru
Qazlal
Ru
Yredelemnul
Zin

Shops:
D:4 *

Annotations:
D:3 1 runed door


Innate Abilities, Weirdness & Mutations

You reflexively headbutt those who attack you in melee.
You have a pair of horns on your head.


Message History

You kill the orc!
Okawaru accepts your kill. The soul eater hits you.
The orc warrior hits you from afar with a halberd!
You block the orc sorcerer's attack. The orc sorcerer barely misses you.
You furiously retaliate!
You headbutt the orc sorcerer, but do no damage.
The orc priest looks braver for a moment.
The orc warlord roars a battlecry!
An orc sorcerer comes into view. It is wielding a dagger.
The orc sorcerer shouts!
The orc warrior hits you from afar with a halberd!!
* * * LOW HITPOINT WARNING * * *
The orc sorcerer moves out of view.
The soul eater disappears in a puff of smoke!
The orc priest mumbles some strange prayers to Beogh against you.
Beogh smites you!
* * * LOW HITPOINT WARNING * * *
The orc warrior hits you from afar with a halberd!
You die...

##..........###......
##..........#.....#..
#.................#..
#....................
#....#........#......
#....................
#....................
#....................
#.ยง.@................
#.#.o................
#oo..................
#(oo.................
.############ooo.................
(.)[(.oo.o...o...................
.oo)..oo.oo.oo...................
.......oo.o......##..............
.........o.........#....>.......#


You could see an orc warlord, an orc knight, an orc sorcerer, 6 orc warriors, 2
orc priests and an orc.

Vanquished Creatures
  Erica (D:8)
  A two-headed ogre (D:9)
  Pikel (D:5)
  An orc sorcerer (Orc:2)
  A centaur zombie (D:9)
  A polar bear (D:9)
  A troll (Orc:2)
  2 hornets (D:8)
  The ghost of Jerry the Slasher, an amateur BaCK of Xom (D:4)
  3 hippogriffs
  3 yaks (D:9)
  3 hungry ghosts
  A warg (Orc:2)
  A soldier ant (D:8)
  2 water moccasins
  A phantom (D:9)
  11 orc warriors
  4 slaves (D:5)
  3 ice beasts (D:9)
  4 sky beasts
  An eye of draining (D:8)
  5 ogres
  A wolf (D:9)
  A centaur (D:6)
  3 bullfrogs
  A big kobold (D:8)
  3 scorpions
  2 troll zombies (D:9)
  5 killer bees (D:9)
  11 electric eels
  5 crimson imps
  A quasit (D:5)
  A water moccasin simulacrum (D:9)
  A centaur skeleton (D:6)
  2 jellies
  13 orc priests
  A gnoll shaman (D:8)
  5 hounds
  A bullfrog skeleton (D:9)
  2 iguanas
  16 orc wizards
  8 worker ants
  A killer bee zombie (D:9)
  4 ogre zombies (D:9)
  A bullfrog simulacrum (D:9)
  A hound zombie (D:6)
  3 hound skeletons
  3 gnolls (D:8)
  14 adders
  A hound simulacrum (D:9)
  A howler monkey simulacrum (D:9)
  An adder zombie (D:6)
  3 adder skeletons
  2 dart slugs
  2 worms
  5 leopard geckos
  43 orcs
  A ball python (D:7)
  6 giant cockroaches
  9 hobgoblins
  2 jackals (D:8)
  9 kobolds
  5 quokkas
  3 bats
  6 frilled lizards
  4 goblins
  A goblin skeleton (D:9)
  3 hobgoblin zombies (D:9)
  4 orc skeletons (D:9)
  11 orc zombies (D:9)
  A quokka skeleton (D:5)
  A quokka zombie (D:8)
  5 rats
  A spectral orc (D:8)
292 creatures vanquished.

Vanquished Creatures (others)
  A centaur (D:9)
1 creature vanquished.

Grand Total: 293 creatures vanquished

Notes
Turn   | Place    | Note
-------+----------+-------------------------------------------
     0 | D:1      | LarsimusPrime the Minotaur Fighter began the quest for the Orb.
     0 | D:1      | Reached XP level 1. HP: 19/19 MP: 0/0
   348 | D:1      | Reached XP level 2. HP: 24/27 MP: 1/1
  1109 | D:2      | Reached XP level 3. HP: 28/33 MP: 2/2
  1126 | D:2      | Reached skill level 3 in Maces & Flails
  1212 | D:2      | Found a faded altar of an unknown god.
  1214 | D:2      | Became a worshipper of Hepliaklqana the Forgotten
  1214 | D:2      | Reached * piety under Hepliaklqana
  1252 | D:2      | Found an iron altar of Okawaru.
  1261 | D:2      | Fell from the grace of Hepliaklqana
  1261 | D:2      | Became a worshipper of Warmaster Okawaru
  1271 | D:2      | Found a sacrificial altar of Ru.
  1271 | D:2      | Found a stormy altar of Qazlal.
  1272 | D:2      | Found a blossoming altar of Fedhas.
  1274 | D:2      | Found a glowing silver altar of Zin.
  1468 | D:3      | Found a white marble altar of Elyvilon.
  1469 | D:3      | Found a runed door.
  1469 | D:3      | Noticed an angel
  2216 | D:4      | Found a snail-covered altar of Cheibriados.
  2227 | D:4      | Noticed Jerry's ghost (amateur BaCK)
  2244 | D:4      | Killed Jerry's ghost
  2244 | D:4      | Reached * piety under Okawaru
  2244 | D:4      | Was forgiven by Hepliaklqana
  2244 | D:4      | Reached skill level 4 in Maces & Flails
  2244 | D:4      | Reached skill level 1 in Dodging
  2244 | D:4      | Reached XP level 4. HP: 12/41 MP: 0/3
  2244 | D:4      | Reached XP level 5. HP: 14/47 MP: 0/4
  2731 | D:4      | Reached skill level 5 in Maces & Flails
  2731 | D:4      | Reached skill level 5 in Armour
  2731 | D:4      | Reached XP level 6. HP: 37/53 MP: 5/5
  2736 | D:4      | Reached skill level 5 in Shields
  2896 | D:4      | Found Fyibeap's Assorted Antiques.
  3110 | D:5      | Entered Level 5 of the Dungeon
  3204 | D:5      | Noticed a sky beast
  3213 | D:5      | Killed a sky beast
  3213 | D:5      | Reached ** piety under Okawaru
  3226 | D:5      | Found a shadowy altar of Dithmenos.
  3227 | D:5      | Noticed a slave
  3236 | D:5      | Killed a slave
  3237 | D:5      | Noticed a slave
  3238 | D:5      | Noticed a slave
  3240 | D:5      | Noticed Pikel
  3240 | D:5      | Noticed a slave
  3249 | D:5      | Killed a slave
  3259 | D:5      | Killed a slave
  3262 | D:5      | Killed a slave
  3265 | D:5      | Noticed a sky beast
  3276 | D:5      | Killed Pikel
  3276 | D:5      | Reached skill level 5 in Fighting
  3276 | D:5      | Reached skill level 6 in Maces & Flails
  3276 | D:5      | Reached XP level 7. HP: 37/61 MP: 6/6
  3410 | D:5      | Reached XP level 8. HP: 40/68 MP: 7/7
  3609 | D:5      | Found a burning altar of Makhleb.
  3696 | D:5      | Reached *** piety under Okawaru
  3714 | D:5      | Reached skill level 7 in Maces & Flails
  4302 | D:6      | Reached skill level 8 in Maces & Flails
  4793 | D:6      | Reached **** piety under Okawaru
  5385 | D:7      | Reached XP level 9. HP: 69/75 MP: 8/8
  5762 | D:7      | Found a staircase to the Ecumenical Temple.
  6530 | D:8      | Reached skill level 9 in Maces & Flails
  6569 | D:8      | Found an ancient bone altar of Kikubaaqudgha.
  7083 | D:8      | Noticed Erica
  7119 | D:8      | Killed Erica
  7119 | D:8      | Reached ***** piety under Okawaru
  7119 | D:8      | Received a gift from Okawaru
  7119 | D:8      | Reached skill level 10 in Maces & Flails
  7125 | D:8      | Got a jewelled longbow {god gift}
  7131 | D:8      | Identified the +9 longbow of the Badger {flame, rF+ Dex+6} (Okawaru gifted it to you on level 8 of the Dungeon)
  7187 | D:8      | Found an opulent altar of Gozag.
  7283 | D:8      | Paralysed by a hornet for 3 turns
  7287 | D:8      | Reached XP level 10. HP: 30/84 MP: 9/9
  7304 | D:8      | Reached skill level 10 in Shields
  8254 | D:8      | Reached skill level 1 in Invocations
  8870 | D:8      | HP: 4/86 [electric eel/bolt of electricity (12)]
  9335 | D:8      | Found a basalt altar of Yredelemnul.
  9678 | D:9      | Reached skill level 11 in Maces & Flails
  9695 | D:9      | Noticed a two-headed ogre
  9711 | D:9      | Killed a two-headed ogre
  9711 | D:9      | Reached skill level 1 in Bows
  9734 | D:9      | Reached skill level 10 in Armour
 10187 | D:9      | Received a gift from Okawaru
 10274 | D:9      | Found a staircase to the Orcish Mines.
 10336 | D:9      | Reached XP level 11. HP: 28/94 MP: 8/10
 11097 | D:9      | Reached skill level 12 in Maces & Flails
 11388 | Orc:1    | Entered Level 1 of the Orcish Mines
 11795 | Orc:2    | Entered Level 2 of the Orcish Mines
 11795 | Orc:2    | Found a staircase to the Elven Halls.
 12548 | Orc:2    | Noticed an orc sorcerer
 12549 | Orc:2    | Paralysed by an orc sorcerer for 2 turns
 12553 | Orc:2    | Noticed a soul eater
 12559 | Orc:2    | Paralysed by an orc sorcerer for 2 turns
 12564 | Orc:2    | Killed an orc sorcerer
 12564 | Orc:2    | Reached skill level 5 in Bows
 12933 | Orc:2    | Noticed an orc sorcerer
 12943 | Orc:2    | Noticed an orc warlord
 12949 | Orc:2    | Noticed a soul eater
 12956 | Orc:2    | Received a gift from Okawaru
 12966 | Orc:2    | Noticed an orc sorcerer
 12967 | Orc:2    | Mangled by an orc warrior

Skill      XL: |  1  2  3  4  5  6  7  8  9 10 11 |
---------------+----------------------------------+-----
Fighting       | 4 5 6 8 |  8.5
Armour         | 4 5 6 7 9 10 | 10.6
Shields        | 4 6 8 9 10 | 10.9
Maces & Flails | 4 5 6 8 10 11 12 | 12.2
Dodging        | 1 2 3 |  3.1
Invocations    | 1 |  1.1
Bows           | 3 5 |  5.5
Throwing       | |  0.6

Action                   |  1- 3 |  4- 6 |  7- 9 | 10-12 || total
-------------------------+-------+-------+-------+-------++-------
Melee: Flail             |    68 |       |       |       ||    68
       Headbutt          |    18 |    15 |    76 |    81 ||   190
       Mace              |    52 |    68 |    17 |       ||   137
       Whip              |       |       |   203 |       ||   203
       Morningstar       |       |       |   123 |   380 ||   503
       Dire flail        |       |       |       |    71 ||    71
 Fire: Longbow           |       |       |       |    45 ||    45
Throw: Tomahawk          |       |       |       |     5 ||     5
Invok: Ancestor Identity |     1 |       |       |       ||     1
       Heroism           |       |       |     4 |     2 ||     6
       Finesse           |       |       |       |     1 ||     1
  Use: Scroll            |     5 |     2 |     4 |     1 ||    12
       Potion            |       |       |     8 |     3 ||    11
  Eat: Chunk             |     4 |     1 |    13 |    18 ||    36
       Bread ration      |       |     1 |       |     1 ||     2
Armor: Scale mail        |    37 |    17 |    33 |       ||    87
       Plate armour      |       |       |    67 |   169 ||   236
Dodge: Dodged            |    45 |    16 |    62 |    96 ||   219
Block: Shield            |    69 |    42 |   221 |   212 ||   544
       Reflection        |     2 |       |     4 |     3 ||     9
       Other             |       |       |       |     8 ||     8
